Ranpou, chaotic female elven Ranger --- ---.---- |.<@h..------ |..G).......| |Gh..G.---- - |.--..-- |.| --- |.| -.| .- . -- Ranpou the Tenderfoot Experience level: 1 Strength: 17 Dexterity: 9 Constitution: 15 Intelligence: 13 Wisdom: 14 Charisma: 7 Health: 0(13) Energy: 4(4) Def: 4 Gold: 484 Moves: 1733 Dungeon seed: N1lTKgocmFi4nAbk Game ID: Ranpou_1647594361 Your Inventory: Weapons d - an uncursed +1 elven dagger (alternate weapon; not wielded) e - an uncursed +1 elven bow j - 11 uncursed +0 ya k - 2 uncursed +0 orcish daggers (wielded) p - 9 uncursed +0 arrows v - a cursed -2 dagger w - an uncursed +1 dagger x - 12 uncursed +0 daggers D - 7 uncursed +0 darts I - a cursed +0 dagger J - 2 uncursed +0 crossbow bolts M - 55 uncursed +2 elven arrows Q - 38 uncursed +0 elven arrows (in quiver) Armor b - an uncursed +2 elven cloak (being worn) n - an uncursed +0 orcish helm (being worn) r - an uncursed +0 leather armor z - an uncursed +0 dwarvish cloak A - an uncursed +0 pair of iron shoes B - a cursed +0 pair of iron shoes E - a cursed -2 dwarvish cloak N - an uncursed +0 dwarvish cloak Y - an uncursed +0 leather armor Comestibles f - 4 uncursed lembas wafers g - 3 uncursed lichen corpses h - 3 uncursed food rations l - an uncursed tripe ration Spellbooks o - an uncursed spellbook of stone to flesh Potions s - an uncursed potion of speed t - an uncursed potion of hallucination Tools C - 3 uncursed wax candles (0:400) G - 4 uncursed tallow candles (0:200) Gems q - 2 uncursed worthless pieces of yellowish brown glass y - 2 uncursed worthless pieces of violet glass F - an uncursed worthless piece of black glass H - an uncursed rock Coins $ - 484 gold pieces Spells and supernatural/magical abilities: Name Level Category Cost Memory W - pray for help -- divine ? -- Your skills at the end: Fighting Skills wands [Basic] Weapon Skills dagger [Basic] bow [Basic] Spellcasting Skills Final Attributes: You were fervently aligned. You were immune to sleep. You saw invisible. You had automatic searching. You had infravision. You were stealthy. You were lucky. Mars was noncommittal. You are dead. Vanquished creatures: a large mimic a gnome lord 2 gnomish wizards a kitten 3 dwarves 2 acid blobs a coyote 12 gnomes 7 jackals a fox 2 goblins 7 sewer rats 3 grid bugs 5 lichens 4 newts 52 creatures vanquished. Voluntary challenges: You never hit with a wielded weapon. You were a pacifist. You read items or engraved 2 times, starting on turn 1680. You never genocided any monsters. You never polymorphed an object. You never changed form. You used no wishes. You never split a pudding. You wrote Elbereth's name 2 times, starting on turn 1680. You never violated your personal moral code. Dungeon overview: The Dungeons of Doom: levels 1 to 5 Level 1 an altar to Venus, a vault a long staircase Level 2 a fountain stairs to The Gnomish Mines Level 3 a general store, a fountain, a vault Level 4 a fountain Level 5 The Gnomish Mines: levels 3 to 4 Level 3 stairs to The Dungeons of Doom Level 4 <- You were here History has recorded: On T:1 you entered the Dungeons of Doom to retrieve the Amulet of Yendor! On T:23 you reached level 2 of The Dungeons of Doom. On T:589 you reached level 3 of The Dungeons of Doom. On T:717 you reached level 1 of The Gnomish Mines. On T:1179 you reached level 4 of The Dungeons of Doom. On T:1218 you reached level 5 of The Dungeons of Doom. On T:1672 you reached level 2 of The Gnomish Mines. Score breakdown: Gold: 484 ( 9135 points) Experience: 1 level ( 0 points) Exploration: 5 levels ( 10.00%) ( 8571 points) Discoveries: 0 items ( 0.00%) ( 0 points) Valuables value: (no points given unless you survive) Artifact value: 0 ( 0 points) Variety of kills: 15 monsters ( 3.95%) ( 5960 points) Turncount: 1733 turns ( 0 points) Survival: died (score multiplied by 80%) Total score: 18932 Latest messages: [2 turns] The dwarf turns to flee! You have a little trouble lifting I - a dagger. The gnome shoots a crossbow bolt! You are almost hit by a crossbow bolt. [2 turns] You have a little trouble lifting J - a crossbow bolt. You hear some noises in the distance. [2 turns] (3x) The gnome shoots a crossbow bolt! You are hit by a crossbow bolt. [2 turns] There is nothing here to pick up. (4x) The gnome shoots a crossbow bolt! You are hit by a crossbow bolt. [2 turns] (3x) You have a little trouble lifting J - a crossbow bolt. The gnome lady shoots 2 crossbow bolts! You are hit by the 1st crossbow bolt. You are almost hit by the 2nd crossbow bolt. The dwarf hits! [2 turns] The dwarf hits! The gnome shoots a crossbow bolt! You are hit by a crossbow bolt. You die... Final status: Goodbye Ranpou the Ranger, killed by a crossbow bolt... You died in The Gnomish Mines on dungeon level 4 with 18932 points, and 484 pieces of gold, after 1733 moves. You were level 1 with a maximum of 13 hit points when you died.